 Dungeon Crawl Stone Soup version 0.31.0-32-g396128a36d (webtiles) character file.

Game seed: 18221854960192762395

1122 PaiMei the Scholar of Death (level 8, -9/50 (64) HPs)
             Began as a Demonspawn Necromancer on Apr 22, 2024.
             Was a Follower of Kikubaaqudgha.
             Killed from afar by Maggie (22 damage)
             ... with a bolt of fire
             ... on level 7 of the Dungeon.
             The game lasted 00:08:34 (6849 turns).

PaiMei the Scholar of Death (DsNe)                  Turns: 6849, Time: 00:08:34

HP:   -9/50 (64)    AC: 11    Str:  8    XL:     8   Next: 12%
MP:   0/15          EV: 13    Int: 17    God:    Kikubaaqudgha [*.....]
Gold: 192           SH:  0    Dex: 15    Spells: 12/16 levels left

rFire   . . .        c - +0 short sword
rCold   . . .        (no shield)
rNeg    . . .        w - +0 troll leather armour
rPois   .            q - +1 helmet
rElec   .            (no cloak)
rCorr   .            s - +1 pair of gloves "Narupeups" {+Inv Slay+2}
SInv    +            B - +1 pair of boots
Will    .....        (no amulet)
Stlth   ++           i - ring of see invisible
HPRegen 1.08/turn    (no ring)
MPRegen 0.14/turn

%: no passive effects
@: mesmerised, heavily drained
A: rugged brown scales 2, demonic guardian 1, demonic touch 2
a: Renounce Religion, Evoke Invisibility, Unearth Wretches


You were on level 7 of the Dungeon.
You worshipped Kikubaaqudgha.
Kikubaaqudgha was aware of your devotion.
You visited 1 branch of the dungeon, and saw 6 of its levels.
You also visited: Sewer.

You collected 192 gold pieces.

Inventory:

Hand Weapons
 c - a +0 short sword (weapon)
Missiles
 g - 18 poisoned darts (quivered)
Armour
 p - a +0 leather armour of fire resistance
 q - a +1 helmet (worn)
 s - the +1 pair of gloves "Narupeups" (worn) {+Inv Slay+2}
   (You found it on level 3 of the Dungeon)

   Slay+2:    It affects your accuracy & damage with ranged weapons and melee
   (+2).
   +Inv:      It lets you turn invisible.
 w - a +0 troll leather armour (worn)
 B - a +1 pair of boots (worn)
 H - a +0 hat
Jewellery
 a - an amulet of the acrobat
 i - a ring of see invisible (left hand)
 k - a ring of ice
 x - a ring of positive energy
Scrolls
 e - 7 scrolls of identify {unknown}
 f - 2 scrolls of revelation {unknown}
 h - a scroll of enchant weapon {unknown}
 m - 2 scrolls of immolation {unknown}
 t - a scroll of brand weapon {unknown}
 u - 2 scrolls of vulnerability {unknown}
 v - 2 scrolls of fear {unknown}
 y - a scroll of silence {unknown}
 E - a scroll of teleportation {unknown}
Potions
 b - a potion of magic
 d - a potion of attraction {unknown}
 j - 4 potions of curing {unknown}
 l - a potion of degeneration {unknown}
 n - a potion of brilliance {unknown}
 o - 2 potions of cancellation {unknown}
 r - 2 potions of resistance {unknown}
 z - 3 potions of heal wounds {unknown}
 A - 2 potions of mutation {unknown}
 C - 2 potions of might {unknown}
 D - a potion of invisibility {unknown}
 F - a potion of lignification {unknown}
 G - a potion of enlightenment {unknown}


   Skills:
 + Level 4.4 Fighting
 + Level 4.6 Dodging
 - Level 2.0 Stealth
 + Level 4.7 Spellcasting
 + Level 6.8 Necromancy


You had 12 spell levels left.
You knew the following spells:

 Your Spells              Type           Power      Damage    Failure   Level
a - Necrotise             Necr           100%       1d9       1%          1
b - Vampiric Draining     Necr           27%        2d7       3%          3

Your spell library contained the following spells:

 Spells                   Type           Power      Damage    Failure   Level
 Fugue of the Fallen      Necr           27%        N/A       3%          3
 Kiss of Death            Conj/Necr      60%        2d10      5%          1
 Cigotuvi's Dreadful Rot  Necr/Alch/Air  22%        N/A       13%         2
 Animate Dead             Necr           27%        N/A       13%         4
 Magic Dart               Conj           16%        1d3       22%         1
 Blink                    Tloc           8%         N/A       32%         2
 Call Imp                 Summ           8%         N/A       32%         2
 Ensorcelled Hibernation  Hex/Ice        8%         N/A       32%         2
 Curse of Agony           Necr           27%        N/A       34%         5
 Anguish                  Hex/Necr       7%         N/A       45%         4


Dungeon Overview and Level Annotations

Branches:
Dungeon (5/15)              Sewer (visited)
 Temple: D:4-7

Altars:
Cheibriados
Gozag
Okawaru
Qazlal
Sif Muna
Vehumet
Yredelemnul

Annotations:
D:7 Jeremiah, Maggie


Innate Abilities, Weirdness & Mutations

You are mostly covered in rugged brown scales. (AC +2, +5% HP)
A weak demonic guardian rushes to your aid.
Your touch may inflict irresistible damage on your foes.


Message History

Confirm with . or Enter, or press ? or * to list all spells.
You don't have enough magic to cast this spell.
Casting: Vampiric Draining (dangerous; 3% risk of failure)
Confirm with . or Enter, or press ? or * to list all spells.
Aiming: Necrotise (safe; 1% risk of failure)
Press: ? - help, Shift-Dir - straight line, f/p - Maggie
Aim: Maggie, wielding a +1 glaive of draining and wearing +0 steam dragon scales (heavily wounded, chance to affect: 83%) Maggie writhes in agony.
Maggie closely misses you.
You hit Maggie. Your touch misses Maggie.
Maggie is severely wounded.
Maggie mumbles some strange words.
Maggie attempts to bespell you!
You are mesmerised by Maggie!
You hit Maggie but do no damage.
Maggie is severely wounded.
Maggie hits you with a +1 glaive of draining!
You feel drained.
You barely miss Maggie.
Maggie is severely wounded.
Maggie casts a spell.
Maggie draws you further into her thrall.
You hit Maggie but do no damage.
You touch Maggie!
Maggie is almost dead.
Maggie closely misses you.
Casting: Necrotise (safe; 1% risk of failure)
Confirm with . or Enter, or press ? or * to list all spells.
Aiming: Necrotise (safe; 1% risk of failure)
Press: ? - help, Shift-Dir - straight line, f/p - Maggie
Aim: Maggie, wielding a +1 glaive of draining and wearing +0 steam dragon scales (almost dead, mesmerising, chance to affect: 83%) Maggie writhes in agony.
Maggie hits you with a +1 glaive of draining!
A demonic guardian appears!
You feel drained.
* * * LOW HITPOINT WARNING * * *
You hit Maggie but do no damage.
Maggie is almost dead.
Maggie smiles, but it's obviously fake.
Maggie gestures at you while chanting. The bolt of fire hits you!!
You die...
Kikubaaqudgha rasps: "You have failed me!
Welcome... death!"

#...............##
#.#############.##
#.# #.## #.# #...
#.# #.#. #.# #...
#.# #######.# #5#
#.......# #@#
#.####### #@#
###.# #!# #...#
#.# #.### #.# #.#
..# #.### ###
#...#######
#..........
########...#######


You could see Maggie (mesmerising, ally target) and a friendly ufetubus
(summoned).

Vanquished Creatures
  4 ogres
  2 necrophages (Sewer)
  A bombardier beetle (D:4)
  A hound (D:5)
  4 jellies
  A gnoll bouda (D:5)
  2 iguanas
  5 gnolls (D:5)
  7 adders
  2 shadow imps (Sewer)
  A white imp (D:7)
  2 ufetubi (Sewer)
  2 dart slugs (D:1)
  2 ribbon worms
  2 orcs
  2 bats
  7 endoplasms
  4 giant cockroaches
  6 goblins
  6 hobgoblins
  12 jackals
  11 kobolds
  4 quokkas
  4 ball pythons
  A frilled lizard (D:2)
  3 kobold zombies (Sewer)
  6 rats
104 creatures vanquished.

Vanquished Creatures (collateral kills)
  An ice beast (D:5)
  A kobold brigand (Sewer)
  A giant cockroach (Sewer)
  2 kobolds (Sewer)
5 creatures vanquished.

Grand Total: 109 creatures vanquished

Notes
Turn   | Place    | Note
-------+----------+-------------------------------------------
     0 | D:1      | PaiMei the Demonspawn Necromancer began the quest for the
                  | Orb.
     0 | D:1      | Reached XP level 1. HP: 13/13 MP: 3/3
     9 | D:1      | Noticed a bullfrog
   185 | D:1      | Gained mutation: Your touch may inflict minor irresistible
                  | damage on your foes. [demonic ancestry]
   185 | D:1      | Reached XP level 2. HP: 3/19 MP: 0/5
   727 | D:1      | Reached XP level 3. HP: 21/25 MP: 0/6
  1350 | D:2      | Reached skill level 1 in Fighting
  1478 | D:2      | Found a faded altar of an unknown god.
  2062 | D:3      | Identified the +1 pair of gloves "Narupeups" {+Inv Slay+2}
  2166 | D:3      | Gained mutation: You are partially covered in rugged brown
                  | scales. (AC +1, +3% HP) [demonic ancestry]
  2166 | D:3      | Reached XP level 4. HP: 26/32 MP: 3/7
  2386 | D:3      | Found a snail-covered altar of Cheibriados.
  2594 | D:3      | Found a shimmering blue altar of Sif Muna.
  2617 | D:3      | Found a glowing drain.
  2627 | D:3      | Reached skill level 5 in Necromancy
  2634 | Sewer    | Entered a sewer
  3179 | Sewer    | Found an ancient bone altar of Kikubaaqudgha.
  3179 | Sewer    | Noticed a kobold brigand
  3464 | Sewer    | Killed a kobold brigand
  3465 | Sewer    | Gained mutation: You are mostly covered in rugged brown
                  | scales. (AC +2, +5% HP) [demonic ancestry]
  3465 | Sewer    | Reached XP level 5. HP: 29/39 MP: 4/9
  3505 | Sewer    | Became a worshipper of Kikubaaqudgha
  3578 | Sewer    | Gained mutation: A weak demonic guardian rushes to your
                  | aid. [demonic ancestry]
  3578 | Sewer    | Reached XP level 6. HP: 35/48 MP: 9/11
  3849 | D:3      | Found a faded altar of an unknown god.
  3854 | D:3      | Found a basalt altar of Yredelemnul.
  3885 | D:3      | Found a stormy altar of Qazlal.
  4388 | D:4      | Found an opulent altar of Gozag.
  4603 | D:4      | Found a radiant altar of Vehumet.
  4614 | D:4      | Reached skill level 6 in Necromancy
  4614 | D:4      | Gained mutation: Your touch may inflict irresistible damage
                  | on your foes. [demonic ancestry]
  4614 | D:4      | Reached XP level 7. HP: 54/54 MP: 5/12
  4925 | D:4      | Learned a level 3 spell: Vampiric Draining
  5271 | D:5      | Entered Level 5 of the Dungeon
  5811 | D:5      | Reached * piety under Kikubaaqudgha
  5811 | D:5      | Received a gift from Kikubaaqudgha
  5899 | D:5      | Reached XP level 8. HP: 59/63 MP: 0/14
  6264 | D:5      | Found an iron altar of Okawaru.
  6647 | D:5      | You fall into a shaft and drop 2 floors!
  6788 | D:7      | Noticed Jeremiah
  6827 | D:7      | Noticed Maggie
  6849 | D:7      | Killed from afar by Maggie

Illustrated notes

Levels and vault maps discovered:
D:1:      evilmike_arrival_come_back, layout_basic, minivault_24
D:2:      layout_basic, chequers_ecumenical_altar_simple_redux
D:3:      layout_loops_cross, nicolae_sif_muna_little_library,
          nicolae_overflow_ecumenical_swirl, mainiacjoe_overflow_brackets,
          mainiacjoe_overflow_cross_hatched, portal_sewer_entry_d,
          minmay_misc_feat_tower, minivault_26
D:4:      layout_cave_pools, fiery_altar_vehumet, tso_metal_star,
          nicolae_overflow_crystal_walls
D:5:      layout_layer_cave, kennysheep_okawaru_gauntlet
D:7:      layout_loops_ring, lemuel_tele_altar, uniq_joseph, uniq_menkaure,
          uniq_prince_ribbit1, uniq_jeremiah, uniq_maggie

Skill      XL: |  1  2  3  4  5  6  7 |
---------------+----------------------+-----
Stealth        | 2 |  2.0
Dodging        | 2 3 4 |  4.6
Fighting       | 1 2 3 4 |  4.4
Necromancy     | 5 6 |  6.8
Spellcasting   | 3 4 |  4.7

Action                     |  1- 3 |  4- 6 |  7- 9 || total
---------------------------+-------+-------+-------++-------
  Melee: Short sword       |    33 |    75 |    23 ||   131
         Touch             |     4 |    14 |     3 ||    21
         Punch             |       |     2 |       ||     2
   Cast: Necrotise         |    57 |    77 |    53 ||   187
         Vampiric Draining |       |       |    19 ||    19
   Stab: Distracted        |       |     1 |       ||     1
 Armour: Robe              |    24 |       |       ||    24
         Leather armour    |     6 |    43 |       ||    49
         Troll leather arm |       |     9 |    40 ||    49
  Dodge: Dodged            |    27 |    67 |    31 ||   125
